 Dungeon Crawl Stone Soup version 0.28-a0-1117-g0bdd5ba030 (webtiles) character file.

Game seed: 4201251737978990653

1225 fragbeetle the Insei (level 8, -1/67 (72) HPs)
             Began as a Merfolk Transmuter on Dec 11, 2021.
             Slain by a wight (12 damage)
             ... on level 7 of the Dungeon.
             The game lasted 00:22:24 (7646 turns).

fragbeetle the Insei (Merfolk Transmuter)           Turns: 7646, Time: 00:22:25

HP:   -1/67 (72)    AC:  7    Str: 12    XL:     8   Next: 47%
MP:   11/13         EV: 12    Int: 18    God:
Gold: 284           SH:  0    Dex: 15    Spells: 6/14 levels left

rFire   x . .      SeeInvis .     - Unarmed
rCold   + + +      Faith    .   (shield currently unavailable)
rNeg    . . .      Spirit   .   (armour currently unavailable)
rPois   +          Reflect  .   (helmet currently unavailable)
rElec   .          Harm     .   (cloak currently unavailable)
rCorr   .          Rampage  .   (gloves currently unavailable)
Will    .....                   (boots currently unavailable)
Stlth   +.........              (no amulet)
HPRegen 0.21/turn               k - +6 ring of intelligence
MPRegen 0.13/turn               (no ring)

@: ice-form, drained
A: freezing attack, boosted hp, large, (nimble swimmer 2), (mertail)
a: End Transformation


You were on level 7 of the Dungeon.
You were a creature of crystalline ice.
You visited 2 branches of the dungeon, and saw 8 of its levels.
You also visited: Sewer.

You collected 284 gold pieces.

Inventory:

Hand Weapons
 b - a +0 vampiric spear
Missiles
 w - a throwing net
Armour
 l - a +0 cloak (melded)
 q - a +0 robe of fire resistance (melded)
 x - a scarf of shadows
Magical Staves
 j - a staff of poison (melded)
Jewellery
 k - a +6 ring of intelligence (left front paw)
Wands
 a - a wand of charming (11)
 t - a wand of flame (22)
 u - a wand of polymorph (6)
 y - a wand of iceblast (12)
 A - a wand of digging (6)
Scrolls
 c - a scroll of fog
 f - a scroll of noise
 h - 2 scrolls of enchant weapon {unknown}
 m - 2 scrolls of immolation
 n - a scroll of magic mapping {unknown}
 p - 2 scrolls of amnesia
Potions
 e - 2 potions of curing
 i - 3 potions of degeneration
 o - 3 potions of flight
 r - 2 potions of lignification
 s - a potion of cancellation {unknown}
 v - a potion of haste {unknown}
 z - 2 potions of magic {unknown}
 B - a potion of might {unknown}
 C - a potion of attraction {unknown}


   Skills:
 * Level 4.1 Fighting
 * Level 6.0 Dodging
 - Level 0.2 Stealth
 + Level 6.3 Unarmed Combat
 + Level 3.5 Spellcasting
 * Level 5.7 Transmutations
 * Level 2.2 Ice Magic
 + Level 2.9 Poison Magic


You had 6 spell levels left.
You knew the following spells:

 Your Spells              Type           Power      Damage    Failure   Level
a - Beastly Appendage     Tmut           46%        N/A       1%          1
b - Spider Form           Tmut/Pois      18%        N/A       8%          3
c - Ice Form              Ice/Tmut       17%        N/A       30%         4

Your spell library contained the following spells:

 Spells                   Type           Power      Damage    Failure   Level
 Wereblood                Tmut           23%        N/A       2%          2


Dungeon Overview and Level Annotations

Branches:
Dungeon (7/15)             Temple (1/1) D:5           Sewer (visited)

Altars:
Dithmenos
Fedhas
Gozag
Hepliaklqana
Kikubaaqudgha
Okawaru
Ru
Trog
Uskayaw
Vehumet
Xom


Innate Abilities, Weirdness & Mutations

You are a creature of crystalline ice.
You have a powerful freezing melee attack.
Your maximum health is increased.
Your armour is entirely melded.
You are incapable of wielding weapons or throwing items.
((You are quick and stealthy near water. (Stealth+, EV+, Speed+++)))
((Your lower body shifts to a powerful aquatic tail in water.))


Message History

Your Dodging skill increases to level 6!
You punch the wight! You freeze the wight.
The wight is almost destroyed.
The wight hits you with a +0 mace.
You feel drained.
You hit the wight.
The wight is almost destroyed.
The wight misses you.
You punch the wight!
You destroy the wight!
Your life force feels restored.
Items here: )) [[.
Okay, then.
You see here a scroll labelled OTUESMYECS.
The wight hits you with a +2 morningstar of freezing!
You feel drained. The wight freezes you.
You hit the wight but do no damage.
The wight hits you with a +2 morningstar of freezing!
The wight freezes you.
You punch the wight!
The wight is severely damaged.
The wight hits you with a +2 morningstar of freezing!
* * * LOW HITPOINT WARNING * * *
The wight freezes you.
* * * LOW HITPOINT WARNING * * *
You hit the wight but do no damage.
The wight is severely damaged.
The wight closely misses you.
You hit the wight.
The wight is almost destroyed.
The wight barely misses you.
You barely miss the wight.
The wight is almost destroyed.
The wight hits you with a +2 morningstar of freezing.
* * * LOW HITPOINT WARNING * * *
You feel drained.
* * * LOW HITPOINT WARNING * * *
You barely miss the wight.
The wight is almost destroyed.
The wight hits you with a +2 morningstar of freezing!
You die...

####### #.)..<#
##########?#####
............#
......zY....#
............#
............#
.........#.##
########.#.#
....# #.### #.#


You could see a wight.

Vanquished Creatures
  A water moccasin (D:5)
  2 ogres (D:5)
  A phantom (D:5)
  A kobold brigand (Sewer)
  A scorpion (D:5)
  A water moccasin skeleton (D:4)
  3 wights
  A howler monkey (D:6)
  A bullfrog zombie (D:5)
  A hound (D:6)
  A jelly (D:4)
  Ijyb (D:5)
  2 iguanas
  A scorpion zombie (D:5)
  An orc wizard (D:4)
  A hound skeleton (D:5)
  Robin (D:3)
  9 gnolls
  A howler monkey skeleton (D:6)
  3 adders
  3 river rats (Sewer)
  A shadow imp (D:6)
  A white imp (D:6)
  2 ufetubi (D:5)
  An adder skeleton (D:4)
  4 worms
  A dart slug (D:1)
  8 orcs
  7 ball pythons
  7 bats
  5 endoplasms
  5 giant cockroaches
  8 goblins
  11 hobgoblins
  5 jackals
  11 kobolds
  4 quokkas
  5 frilled lizards
  7 rats
130 creatures vanquished.

Notes
Turn   | Place    | Note
-------+----------+-------------------------------------------
     0 | D:1      | fragbeetle the Merfolk Transmuter began the quest for the
                  | Orb.
     0 | D:1      | Reached XP level 1. HP: 15/15 MP: 3/3
    42 | D:1      | Reached XP level 2. HP: 5/21 MP: 3/5
   361 | D:1      | Found a faded altar of an unknown god.
   529 | D:1      | Reached XP level 3. HP: 26/26 MP: 4/6
  1016 | D:1      | Learned a level 3 spell: Spider Form
  1779 | D:2      | Reached XP level 4. HP: 28/32 MP: 5/7
  1988 | D:3      | Found a glowing drain.
  2012 | Sewer    | Entered a sewer
  2044 | Sewer    | HP: 1/33 [river rat (9)]
  2414 | Sewer    | Noticed a kobold brigand
  2627 | Sewer    | HP: 1/33 [kobold (4)]
  2940 | Sewer    | Killed a kobold brigand
  2941 | Sewer    | Reached skill level 1 in Poison Magic
  2941 | Sewer    | Reached XP level 5. HP: 8/38 MP: 8/8
  3229 | Sewer    | Found a white marble altar of Elyvilon.
  3623 | D:3      | Noticed Robin
  3656 | D:3      | Killed Robin
  4422 | D:4      | Reached XP level 6. HP: 43/45 MP: 5/9
  4576 | D:4      | Reached skill level 5 in Unarmed Combat
  4584 | D:4      | Found a bloodstained altar of Trog.
  4981 | D:4      | Learned a level 4 spell: Ice Form
  5067 | D:4      | Noticed a sky beast
  5078 | D:5      | Entered Level 5 of the Dungeon
  5090 | D:5      | Reached XP level 7. HP: 47/51 MP: 7/11
  5155 | D:5      | Identified the +5 dagger of the Foremost Ships {flame,
                  | *Corrode rF+ Will+ SInv}
  5178 | D:5      | Found a staircase to the Ecumenical Temple.
  5209 | Temple   | Entered the Ecumenical Temple
  5549 | D:5      | Reached skill level 5 in Dodging
  5549 | D:5      | Reached skill level 5 in Transmutations
  5732 | D:5      | Reached skill level 1 in Ice Magic
  6000 | D:5      | Reached XP level 8. HP: 19/60 MP: 12/12
  6339 | D:5      | Noticed Ijyb
  6351 | D:5      | Killed Ijyb
  6612 | D:6      | Noticed a shadow
  7646 | D:7      | Slain by a wight

Illustrated notes

Levels and vault maps discovered:
D:1:      dpeg_arrival_rooms_b, layout_rooms, basic_ecumenical_altar,
          amcnicky_mini_pool_small
D:2:      layout_rooms, st_stairs_3, ebering_dispersal_statue_hall
D:3:      layout_basic, cheibrodos_sewer_entry_sluice, uniq_robin
D:4:      layout_basic, mainiacjoe_overflow_six_doors_small
D:5:      layout_loops_cross, minmay_temple_entry_sparse_star, uniq_ijyb
D:6:      layout_loops_corners, good_gods_temple_1, makhleb_grotto_becter
D:7:      layout_basic, lemuel_round_altar, serial_shops,
          nicolae_shop_bloodbath_and_beyond
Temple:   cyrus_temple_forest

Skill      XL: |  1  2  3  4  5  6  7  8 |
---------------+-------------------------+-----
Dodging        | 3 4 5 6 |  6.0
Transmutations | 3 4 5 |  5.7
Unarmed Combat | 4 5 6 |  6.3
Fighting       | 2 3 4 |  4.1
Poison Magic   | 1 2 |  2.9
Spellcasting   | 3 |  3.5
Ice Magic      | 1 2 |  2.2
Stealth        | |  0.2

Action                   |  1- 3 |  4- 6 |  7- 9 || total
-------------------------+-------+-------+-------++-------
Melee: Unarmed           |   118 |   208 |   127 ||   453
       Headbutt          |    15 |    22 |    13 ||    50
       Tailslap          |       |     3 |       ||     3
       Punch             |       |     2 |     3 ||     5
       Staff             |       |     2 |       ||     2
 Cast: Beastly Appendage |    31 |    20 |     7 ||    58
       Spider Form       |       |    16 |     8 ||    24
       Ice Form          |       |       |     3 ||     3
  Use: Scroll            |       |     3 |     5 ||     8
       Potion            |       |       |     1 ||     1
 Stab: Sleeping          |     2 |     2 |       ||     4
Armor: Robe              |    19 |    22 |     8 ||    49
       Skin              |       |     1 |     2 ||     3
Dodge: Dodged            |    78 |   125 |   100 ||   303

Table legend: (Time is in decaauts)
 A = Elapsed time spent in this place.
 B = Non-inter-level travel time spent in this place.
 C = Inter-level travel time spent in this place.
 D = Time resting spent in this place.
 E = Time spent auto-exploring this place.
 F = Levels seen in this place.
 G = Mean time per level.
                   A        B        C        D        E       F      G
               +--------+--------+--------+--------+--------+-----+--------+
         Total |   7515 |   7515 |      0 |   2845 |   2346 |   9 |  835.0 |
       Dungeon |   6076 |   6076 |      0 |   1960 |   2128 |   7 |  868.0 |
        Temple |    275 |    275 |      0 |      3 |    218 |   1 |  275.0 |
         Sewer |   1164 |   1164 |      0 |    882 |      0 |   1 | 1164.0 |
               +--------+--------+--------+--------+--------+-----+--------+

Top non-repeatable levels by time:
     D:3: 1327 daAuts
   Sewer: 1164 daAuts
     D:1: 1065 daAuts
     D:5: 1062 daAuts
     D:6: 1000 daAuts
     D:4: 823 daAuts
     D:2: 767 daAuts
  Temple: 275 daAuts
     D:7: 29 daAuts
